 Dungeon Crawl Stone Soup version 0.29-a0-284-gf9362112df (webtiles) character file.

Game seed: 5007250524790805385

358 rabbitsville the Slasher (level 6, -1/49 HPs)
             Began as a Merfolk Gladiator on Mar 17, 2022.
             Succumbed to a killer bee's poison
             ... on level 4 of the Dungeon.
             The game lasted 00:08:55 (3024 turns).

rabbitsville the Slasher (Merfolk Gladiator)        Turns: 3024, Time: 00:08:56

Health: -1/49      AC:  6    Str: 16    XL:     6   Next: 64%
Magic:  6/6        EV: 12    Int:  7    God:
Gold:   255        SH:  0    Dex: 16    Spells: 5/5 levels left

rFire   . . .      SeeInvis .   o - +6 dagger (venom)
rCold   . . .      Faith    .   (no shield)
rNeg    . . .      Spirit   .   q - +0 ring mail {Will+}
rPois   .          Reflect  .   c - +0 helmet
rElec   .          Harm     .   (no cloak)
rCorr   .          Rampage  .   (no gloves)
Will    +....                   (no boots)
Stlth   +.........              g - amulet of magic regeneration
HPRegen 0.16/turn               (no ring)
MPRegen 0.50/turn               (no ring)

@: brilliant, lethally poisoned (-1 -> -26)
A: (nimble swimmer 2), mertail
a: no special abilities


You were on level 4 of the Dungeon.
You visited 1 branch of the dungeon, and saw 4 of its levels.

You collected 255 gold pieces.

Inventory:

Hand Weapons
 a - a +0 long sword
 o - a +6 dagger of venom (weapon)
Missiles
 d - 3 throwing nets (quivered)
Armour
 b - a +0 leather armour
 c - a +0 helmet (worn)
 m - a +0 chain mail
 q - a +0 ring mail of willpower (worn)
Jewellery
 g - an amulet of magic regeneration (around neck)
 r - an amulet of guardian spirit
Wands
 v - a wand of paralysis (14)
Scrolls
 j - 3 scrolls of teleportation {unknown}
 l - a scroll of immolation {unknown}
 p - 3 scrolls of identify {unknown}
 s - a scroll of fear {unknown}
 t - a scroll of enchant armour {unknown}
 u - a scroll of fog {unknown}
Potions
 f - a potion of brilliance
 h - 2 potions of flight {unknown}
 i - a potion of attraction {unknown}
 k - a potion of haste {unknown}
 n - a potion of invisibility {unknown}


   Skills:
 + Level 4.5 Fighting
 * Level 7.4 Long Blades
 - Level 2.0 Throwing
 - Level 4.0 Dodging


You had 5 spell levels left.
You didn't know any spells.
Your spell library contained the following spells:

 Spells                   Type           Power      Damage    Failure   Level
 Beastly Appendage        Tmut           0%         N/A       65%         1
 Wereblood                Tmut           0%         N/A       80%         2
 Frozen Ramparts          Ice            0%         1d2       95%         3
 Gell's Gravitas          Tloc           0%         N/A       95%         3
 Spider Form              Tmut/Pois      0%         N/A       95%         3
 Teleport Other           Tloc           0%         N/A       95%         3
 Ice Form                 Ice/Tmut       0%         N/A       100%        4
 Summon Ice Beast         Ice/Summ       0%         N/A       100%        4
 Dispersal                Tloc           0%         N/A       100%        6


Dungeon Overview and Level Annotations

Branches:
Dungeon (4/15)
 Temple: D:4-7

Altars:
Hepliaklqana


Innate Abilities, Weirdness & Mutations

((You are very nimble when in or above water. (Stealth+, EV+, Speed+++)))
Your lower body shifts to a powerful aquatic tail in water.


Message History

The killer bee buzzes angrily.
The javelin pierces through the killer bee!
The killer bee is heavily wounded.
The javelin closely misses the killer bee.
The killer bee stings you but does no damage.
The killer bee closely misses you.
The killer bee stings you but does no damage.
The killer bee closely misses you.
You closely miss the killer bee. The killer bee misses you.
The killer bee stings you.
You are poisoned.
The killer bee poisons you! The killer bee misses you.
The killer bee closely misses you.
You puncture the killer bee!
The killer bee is poisoned.
The killer bee is heavily wounded.
You feel sick. The killer bee stings you. The killer bee barely misses you. x2
The killer bee misses you.
You closely miss the killer bee.
The killer bee is almost dead.
You feel sick.
You kill the killer bee!
The killer bee closely misses you. The killer bee stings you. x2
The killer bee misses you. The killer bee stings you.
You are more poisoned.
The killer bee poisons you! The killer bee stings you.
The killer bee stings you but does no damage.
The killer bee stings you.
You barely miss the killer bee.
You feel sick.
The killer bee stings you but does no damage.
The killer bee stings you!
* * * LOW HITPOINT WARNING * * *
You are lethally poisoned!
The killer bee poisons you! The killer bee barely misses you.
The killer bee stings you!
* * * LOW HITPOINT WARNING * * *
You are more poisoned.
The killer bee poisons you!
It was a potion of brilliance.
You feel clever all of a sudden.
You die...

...(.#.###.........#
....#.....####.....#
....#......#.#.....#
....#.....#..#.....#
##.#......#..#.....#
..###.....#..#.....#
...#.###.#...#.....#
..#.....##...#..yy.#
..#......#...#..@†.# .
..#.....#....#..yy.#####.y.
.#.....(#....#............y..
###.....#....#...............
.#.###.#.....######..........
#.....##.....##...#./..(.....
#......#..........#..........
#.....#...........#...........
......#...........#...........#


You could see 4 killer bees.

Vanquished Creatures
  A scorpion (D:3)
  A killer bee (D:4)
  A jelly (D:4)
  2 hounds (D:4)
  Jessica (D:3)
  5 adders
  3 dart slugs
  5 orcs (D:3)
  9 ball pythons
  6 bats
  9 endoplasms
  2 giant cockroaches (D:3)
  8 hobgoblins
  13 kobolds
  A quokka (D:2)
  4 frilled lizards
  6 goblins
  7 rats
84 creatures vanquished.

Notes
Turn   | Place    | Note
-------+----------+-------------------------------------------
     0 | D:1      | rabbitsville the Merfolk Gladiator began the quest for the
                  | Orb.
     0 | D:1      | Reached XP level 1. HP: 16/16 MP: 1/1
   112 | D:1      | Reached skill level 4 in Long Blades
   113 | D:1      | Reached XP level 2. HP: 23/23 MP: 2/2
   412 | D:1      | Reached XP level 3. HP: 26/28 MP: 3/3
   599 | D:1      | Found a faded altar of an unknown god.
   898 | D:2      | You fall into a shaft and drop 2 floors!
   915 | D:4      | Reached skill level 5 in Long Blades
   915 | D:4      | Reached XP level 4. HP: 23/35 MP: 4/4
  1099 | D:4      | Reached XP level 5. HP: 34/41 MP: 5/5
  1295 | D:4      | Found a hazy altar of Hepliaklqana.
  1393 | D:3      | Reached skill level 6 in Long Blades
  1598 | D:3      | Noticed Jessica
  1599 | D:3      | Killed Jessica
  2188 | D:2      | Reached XP level 6. HP: 47/48 MP: 6/6
  2551 | D:3      | Reached skill level 7 in Long Blades
  3024 | D:4      | Succumbed to a killer bee's poison

Illustrated notes

Levels and vault maps discovered:
D:1:      nzn_arrival_settlement, layout_loops_ring,
          shapermc_ecumenical_altar_starsandcircs, minmay_misc_feat_columns,
          minmay_tromino_i2
D:2:      layout_rooms, minmay_goblin_kobold_house
D:3:      layout_loops_ring, uniq_jessica
D:4:      nicolae_BIG_FREAKIN_CUBE, layout_gridville,
          nicolae_hepliaklqana_hippocampus, uniq_crazy_yiuf_cottage

Skill      XL: |  1  2  3  4  5  6 |
---------------+-------------------+-----
Long Blades    | 4 5 6 7 |  7.4
Fighting       | 3 4 |  4.5
Throwing       | |  2.0
Dodging        | |  4.0

Action                   |  1- 3 |  4- 6 || total
-------------------------+-------+-------++-------
Melee: Long sword        |    80 |    30 ||   110
       Dagger            |       |   104 ||   104
Throw: Javelin           |       |     2 ||     2
  Use: Potion            |       |     1 ||     1
Armor: Leather armour    |    30 |     3 ||    33
       Chain mail        |       |    30 ||    30
       Ring mail         |       |    15 ||    15
Dodge: Dodged            |    67 |    62 ||   129

Table legend: (Time is in decaauts)
 A = Elapsed time spent in this place.
 B = Non-inter-level travel time spent in this place.
 C = Inter-level travel time spent in this place.
 D = Time resting spent in this place.
 E = Time spent auto-exploring this place.
 F = Levels seen in this place.
 G = Mean time per level.
                   A        B        C        D        E       F      G
               +--------+--------+--------+--------+--------+-----+--------+
         Total |   3021 |   2832 |    189 |    119 |   1714 |   4 |  755.2 |
       Dungeon |   3021 |   2832 |    189 |    119 |   1714 |   4 |  755.2 |
               +--------+--------+--------+--------+--------+-----+--------+

Top non-repeatable levels by time:
     D:3: 952 daAuts
     D:1: 910 daAuts
     D:4: 607 daAuts
     D:2: 550 daAuts
